 Dungeon Crawl Stone Soup version 0.22-a0-833-g8522bf8125 (webtiles) character file.

455 Htamos the Ogre Mage (level 7, 0/148 HPs)
             Began as an Ogre Wizard on July 25, 2018.
             Was an Initiate of Vehumet.
             Slain by a sky beast (3 damage)
             ... on level 5 of the Dungeon.
             The game lasted 00:08:01 (5623 turns).

Htamos the Ogre Mage (Ogre Wizard)                  Turns: 5623, Time: 00:08:02

Health: 0/148      AC: 23    Str: 14 (17) XL:     7   Next: 5%
Magic:  14/14      EV:  1    Int: 17 (19) God:    Vehumet [......]
Gold:   214        SH:  0    Dex: 11 (13) Spells: 12/15 levels left

rFire    . . .     SeeInvis .   c - +2 giant spiked club
rCold    . . .     Gourm    .   (shield currently unavailable)
rNeg     + + +     Faith    .   (armour currently unavailable)
rPois    +         Spirit   .   (helmet currently unavailable)
rElec    .         Reflect  .   (cloak currently unavailable)
rCorr    .         Harm     .   (gloves unavailable)
MR       .....     NoTele   +   (boots unavailable)
Stlth    ..........             (no amulet)
HPRegen  0.34/turn              (no ring)
MPRegen  0.14/turn              (no ring)

@: berserking (expiring), tree-form, very quick
A: large, unfitting armour, agile 2
a: Renounce Religion


You were on level 5 of the Dungeon.
You worshipped Vehumet.
Vehumet was noncommittal.
You were not hungry.
You were a tree.
You visited 1 branch of the dungeon, and saw 5 of its levels.

You collected 214 gold pieces.

Inventory:

Hand Weapons
 c - a +2 giant spiked club (weapon)
 e - a +0 club
 g - a +1 dagger
 i - a +0 flail
Armour
 a - a +0 robe
 b - a +0 hat (melded)
 j - a +0 robe (melded)
 o - a +1 cloak (melded)
Wands
 r - a wand of iceblast (9)
Scrolls
 m - a scroll of amnesia
 p - a scroll of remove curse
Potions
 l - 2 potions of haste
Comestibles
 d - 5 rations
 f - 6 chunks of flesh


   Skills:
 + Level 2.8 Fighting
 + Level 1.2 Maces & Flails
 * Level 3.8 Dodging
 + Level 2.4 Stealth
 + Level 4.6 Spellcasting
 * Level 3.3 Conjurations
   Level 0.8 Summonings
 - Level 0.8 Translocations


You had 12 spell levels left.
You knew the following spells:

 Your Spells              Type           Power        Failure   Level  Hunger
a - Magic Dart            Conj           ###.         3%          1    None
b - Blink                 Tloc           N/A          16%         2    ##.....

Your spell library contained the following spells:

 Spells                   Type           Power        Failure   Level  Hunger
 Conjure Flame            Conj/Fire      #.......     22%         3    ###....
 Slow                     Hex            #.......     22%         2    ##.....
 Mephitic Cloud           Conj/Pois/Air  #.......     28%         3    ###....
 Call Imp                 Summ           #.......     16%         2    ##.....


Dungeon Overview and Level Annotations

Branches:
Dungeon (5/15)             Temple (0/1) D:4

Altars:
Gozag
Kikubaaqudgha
Makhleb
Nemelex Xobeh
Ru
Vehumet
The Shining One


Innate Abilities, Weirdness & Mutations

You are too large for most types of armour.
((You have tough skin. (AC +1)))
((You have razor-sharp toenails.))
You are very agile. (Dex +4)


Message History

Your toenails lengthen and sharpen. x2; You feel agile. x2
The sky beast hits you but does no damage.
It was a potion of berserk rage.
A red film seems to cover your vision as you go berserk!
You feel yourself moving faster!
You feel mighty!
The sky beast flickers out of sight!
Deactivating autopickup; reactivate with Ctrl-A.
Something hits you but does no damage.
You miss something. Something hits you but does no damage.
You closely miss something. Something hits you but does no damage.
You barely miss something.
A sky beast appears from thin air!
Reactivating autopickup.
The sky beast hits you but does no damage.
You barely miss the sky beast.
The sky beast is heavily wounded.
The sky beast hits you but does no damage. x2
You closely miss the sky beast.
The sky beast is heavily wounded.
The sky beast hits you.
You die...

#....#........+
#....#........#
#...##.......#
#...##.......#
#............#
#....###.....#
+....#3#.....#
#..#######...+
#..#2#♣YY....# ..
#(.########+##
...####+###...##4#.....#
..#..........'###....>#
..'..........#........+
#..........#........#
#..........##....)..#
#...^.#######.......#
#.....##...##.......#


You could see a green death, an orange demon, a smoke demon, an ice beast and a
sky beast.

Vanquished Creatures
  2 ogres
  A sky beast (D:4)
  A crimson imp (D:5)
  An orc wizard (D:3)
  An iguana (D:4)
  4 adders
  A worm (D:4)
  A leopard gecko (D:1)
  12 orcs
  7 bats
  4 giant cockroaches
  9 goblins
  3 hobgoblins
  3 jackals (D:1)
  A ball python (D:1)
  2 frilled lizards (D:3)
  2 kobolds
  2 rats (D:2)
57 creatures vanquished.

Vanquished Creatures (others)
  A goblin (D:2)
1 creature vanquished.

Grand Total: 58 creatures vanquished

Notes
Turn   | Place    | Note
-------+----------+-------------------------------------------
     0 | D:1      | Htamos the Ogre Wizard began the quest for the Orb.
     0 | D:1      | Reached XP level 1. HP: 16/16 MP: 5/5
    96 | D:1      | Reached skill level 1 in Conjurations
   321 | D:1      | Reached XP level 2. HP: 24/24 MP: 4/6
  1195 | D:2      | Found a glowing golden altar of the Shining One.
  1248 | D:2      | Reached XP level 3. HP: 32/32 MP: 5/8
  1762 | D:2      | Found a radiant altar of Vehumet.
  2390 | D:2      | Became a worshipper of Vehumet
  2437 | D:3      | Reached skill level 4 in Spellcasting
  2801 | D:3      | Reached skill level 1 in Fighting
  3293 | D:3      | Learned a level 2 spell: Blink
  3512 | D:3      | Found an opulent altar of Gozag.
  3540 | D:3      | Reached XP level 4. HP: 41/41 MP: 5/10
  3558 | D:3      | HP: 2/41 [something (4)]
  3974 | D:3      | Found an ancient bone altar of Kikubaaqudgha.
  4105 | D:3      | Found a sparkling altar of Nemelex Xobeh.
  4105 | D:3      | Found a sacrificial altar of Ru.
  4252 | D:4      | Noticed an ogre
  4269 | D:4      | Killed an ogre
  4269 | D:4      | Reached XP level 5. HP: 33/49 MP: 4/11
  4801 | D:4      | Found a staircase to the Ecumenical Temple.
  4832 | D:4      | Noticed a sky beast
  4854 | D:4      | Killed a sky beast
  4854 | D:4      | Reached XP level 6. HP: 50/58 MP: 12/12
  5081 | D:3      | Reached skill level 1 in Maces & Flails
  5410 | D:5      | Entered Level 5 of the Dungeon
  5525 | D:5      | Reached XP level 7. HP: 37/66 MP: 6/14
  5600 | D:5      | Found a burning altar of Makhleb.
  5600 | D:5      | Noticed a green death
  5607 | D:5      | Noticed a smoke demon
  5607 | D:5      | Noticed an orange demon
  5616 | D:5      | HP: 1/99 [sky beast (5)]
  5617 | D:5      | Gained mutation: You have sharp toenails. [potion of mutation]
  5617 | D:5      | Gained mutation: You have razor-sharp toenails. [potion of mutation]
  5617 | D:5      | Gained mutation: You are agile. (Dex +2) [potion of mutation]
  5617 | D:5      | Gained mutation: You are very agile. (Dex +4) [potion of mutation]
  5623 | D:5      | Slain by a sky beast

Vault maps used:
D:1:      ncdulo_lavacross, minmay_misc_feat_iff
D:2:      nicolae_tso_carved_into_rock, fiery_altar_vehumet, first_ration
D:3:      old_standard_altar, gammafunk_temple_overflow_elements,
          grunt_gozag_breadcrumbs
D:4:      temple_green, kennysheep_big_empty_room
D:5:      regret_index_temple_of_mockery, makhleb_altar_promises_db,
          minmay_misc_feat_pillars

Skill      XL: |  1  2  3  4  5  6 |
---------------+-------------------+-----
Conjurations   | 1 2 3 |  3.3
Dodging        | 2 3 |  3.8
Spellcasting   | 4 |  4.6
Fighting       | 1 2 |  2.8
Stealth        | 2 |  2.4
Maces & Flails | 1 |  1.2
Summonings     | |  0.8
Translocations | |  0.8

Action                   |  1- 3 |  4- 6 |  7- 9 || total
-------------------------+-------+-------+-------++-------
Melee: Club              |     5 |       |       ||     5
       Dagger            |    39 |       |       ||    39
       Flail             |       |    11 |       ||    11
       Giant spiked club |       |    53 |    17 ||    70
 Cast: Magic Dart        |    99 |    47 |     1 ||   147
       Blink             |       |     1 |       ||     1
  Use: Scroll            |     6 |     4 |       ||    10
       Potion            |     1 |     2 |     4 ||     7
 Stab: Sleeping          |     1 |     1 |       ||     2
  Eat: Chunk             |     5 |     6 |       ||    11
       Ration            |     1 |       |       ||     1
Armor: Robe              |    27 |    22 |     9 ||    58
       Skin              |       |       |    10 ||    10
Dodge: Dodged            |    55 |    45 |     6 ||   106

Table legend:
 A = Spawn XP
 B = Non-spawn XP
 C = Spawn XP percentage of total XP
 D = Spawn monster count
 E = Non-spawn monster count
 F = Spawn count percentage of total count
 G = Total turns spent on level
                    A         B        C        D         E        F      G
               +---------+---------+-------+---------+---------+-------+---------
         Total |       0 |     650 |   0.0 |       0 |      57 |   0.0 |  5623
               +---------+---------+-------+---------+---------+-------+---------
           D:1 |       0 |      30 |   0.0 |       0 |      17 |   0.0 |  1133
           D:2 |       0 |      30 |   0.0 |       0 |      11 |   0.0 |  1281
           D:3 |       0 |     208 |   0.0 |       0 |      15 |   0.0 |  1878
           D:4 |       0 |     315 |   0.0 |       0 |      10 |   0.0 |  1118
           D:5 |       0 |      67 |   0.0 |       0 |       4 |   0.0 |   213
               +---------+---------+-------+---------+---------+-------+---------
